Noodle, chaotic male elven Priest ---|..| --.--..-- |.........-------------------- |........................%I.... --.<.....---.....------------ . ---....-- |.....| |--..| --.--.- |...-- ---*|)| |...|.| ---.--|^| |...| |.| ----.--- |.--- ---.....| |...| ----..>..--- ---.--- --.........| |...| |..........| |...| --.--.|...- |..-- --- ----- --- Noodle the Acolyte Experience level: 5 Strength: 11 Dexterity: 11 Constitution: 16 Intelligence: 11 Wisdom: 17 Charisma: 9 Health: 0(41) Energy: 86(86) Def: 8 Gold: 360 Moves: 1333 Dungeon seed: pprtno1Otrs3fhX8 Game ID: Noodle_1614688814 Your Inventory: Coins $ - 360 gold pieces Amulets j - an amulet of ESP Weapons a - a blessed +2 mace (weapon in hand) i - 8 +0 arrows u - 4 blessed +1 darts (in quiver) w - a +0 dagger x - 22 +0 darts z - a +0 aklys D - a +0 elven dagger G - a +0 bow Armor e - a +0 robe (being worn) n - a +0 small shield (being worn) q - a +0 orcish helm (being worn) r - a +0 studded leather armor (being worn) y - a +0 pair of iron shoes F - a +0 pair of jumping boots (being worn) N - a +0 dwarvish cloak Comestibles c - a clove of garlic d - 2 sprigs of wolfsbane l - a tripe ration Spellbooks f - a spellbook of identify g - a spellbook of stone to flesh Potions b - 4 potions of holy water p - a potion of water v - a potion of polymorph Rings k - a ring of cold resistance (on left hand) Wands E - a wand of nothing (0:6) Tools h - a bugle t - a +0 pick-axe A - 2 tallow candles (0:200) C - a magic lamp (lit) Gems B - a luckstone H - a worthless piece of white glass I - a dilithium crystal Y - 2 worthless pieces of yellowish brown glass Spells and supernatural/magical abilities: Name Level Category Fail Memory I - identify 3 divination 90% 94% S - stone to flesh 3 healing 90% 94% W - pray for help -- divine ? -- X - turn undead -- divine ? -- Y - supernatural jump -- ability ? -- Your skills at the end: Fighting Skills Weapon Skills mace [Basic] Spellcasting Skills clerical spells [Basic] Final Attributes: You were piously aligned. You were cold resistant. You were sleep resistant. You saw invisible. You had infravision. You could jump. You were lucky. You had extra luck. Bad luck did not time out for you. Good luck did not time out for you. You are dead. Vanquished creatures: 3 gnome lords an elf zombie 2 dwarves a rothe a giant bat a wererat 2 hobbits 17 gnomes a gecko 6 jackals a fox 2 goblins 3 grid bugs 3 lichens a newt 45 creatures vanquished. Voluntary challenges: You used a wielded weapon 41 times, starting on turn 60. You read items or engraved 2 times, starting on turn 607. You never genocided any monsters. You never polymorphed an object. You never changed form. You used no wishes. You never split a pudding. You never wrote Elbereth's name. You never violated your personal moral code. Dungeon overview: The Dungeons of Doom: levels 1 to 2 Level 1 a long staircase Level 2 a fountain stairs to The Gnomish Mines The Gnomish Mines: levels 3 to 4 Level 3 stairs to The Dungeons of Doom Level 4 <- You were here History has recorded: On T:1 you entered the Dungeons of Doom to retrieve the Amulet of Yendor! On T:344 you advanced to experience level 2. On T:426 you reached level 2 of The Dungeons of Doom. On T:716 you reached level 1 of The Gnomish Mines. On T:720 you advanced to experience level 3. On T:817 you advanced to experience level 4. On T:1116 you advanced to experience level 5. On T:1154 you reached level 2 of The Gnomish Mines. Score breakdown: Gold: 360 ( 8699 points) Experience: 5 levels (11141 points) Exploration: 4 levels ( 8.33%) ( 7579 points) Discoveries: 3 items ( 1.05%) ( 3067 points) Valuables value: (no points given unless you survive) Artifact value: 0 ( 0 points) Variety of kills: 15 monsters ( 3.94%) ( 5952 points) Turncount: 1333 turns ( 0 points) Survival: died (score multiplied by 80%) Total score: 29150 Latest messages: The gnome lord wields a cursed dagger! The dagger welds itself to the gnome lord's hand! The gnome lord thrusts his dagger. The gnome lord hits! You hit the gnome lord! You kill the gnome lord! There are a few objects here. Your lamp is now on. You stop running. The elf zombie hits! You hit the elf zombie! The elf zombie hits! You destroy the elf zombie! You kill the gnome! There are a few objects here. The gnome hits! You kill the gnome! There are a few objects here. Blecch! Rotten food! The world spins and goes dark. It hits! (5x) You die... Final status: Goodbye Noodle the Priest, killed by a gnome king, while unconscious from rotten food... You died in The Gnomish Mines on dungeon level 4 with 29150 points, and 360 pieces of gold, after 1333 moves. You were level 5 with a maximum of 41 hit points when you died.